 Dungeon Crawl Stone Soup version 0.31.0-32-g396128a36d (webtiles) character file.

Game seed: 11894251558756496827

80659 spaghetti the Nimble (level 15, -5/124 HPs)
             Began as a Demonspawn Berserker on Mar 21, 2024.
             Was an Elder of Trog.
             Killed from afar by an oklob plant (25 damage)
             ... with a splash of acid
             ... on level 5 of the Lair of Beasts.
             The game lasted 00:23:23 (19293 turns).

spaghetti the Nimble (Demonspawn Berserker)        Turns: 19293, Time: 00:23:24

Health: -5/124     AC: 17    Str: 21    XL:     15   Next: 24%
Magic:  15/15      EV: 23    Int:  6    God:    Trog [****..]
Gold:   636        SH: 21    Dex: 34    Spells: 14/14 levels left

rFire   + . .        m - +10 short sword "Gestask" {spect, rPois SInv}
rCold   . . .        b - +1 kite shield {rF+}
rNeg    . . .        a - +0 plate armour
rPois   +            g - +2 hat
rElec   .            p - +1 cloak
rCorr   .            B - +0 pair of gloves
SInv    +            N - +0 pair of boots
Will    +++..        (no amulet) Stlth
                     Y - +6 ring of dexterity
HPRegen 1.40/turn    r - +6 ring of dexterity
MPRegen 0.14/turn

%: no passive effects
@: mighty, agile, strong-willed, corroded, regenerating
A: antennae 2, icemail 1, powered by pain 2, sharp scales 2, condensation
shield, thin skeletal structure 1, strong 1
a: Renounce Religion, Berserk, Trog's Hand, Brothers in Arms


You were on level 5 of the Lair of Beasts.
You worshipped Trog.
Trog was greatly pleased with you.
You visited 2 branches of the dungeon, and saw 20 of its levels.

You collected 1532 gold pieces.
You spent 896 gold pieces at shops.

Inventory:

Hand Weapons
 m - the +10 short sword "Gestask" (weapon) {spect, rPois SInv}
   (You found it on level 4 of the Dungeon)

   rPois:     It protects you from poison SInv: It lets you see invisible.
 A - a +1 shortbow of electrocution
Missiles
 R - 5 curare-tipped darts (quivered)
Armour
 a - a +0 plate armour (worn)
 b - a +1 kite shield of fire resistance (worn)
 g - a +2 hat (worn)
 p - a +1 cloak (worn)
 B - a +0 pair of gloves (worn)
 N - a +0 pair of boots (worn)
Jewellery
 i - a ring of protection from cold
 n - a ring of protection from cold
 r - a +6 ring of dexterity (right hand)
 u - a +5 ring of evasion
 v - a ring of willpower
 L - a +4 ring of protection
 P - a ring of flight
 Q - an amulet of magic regeneration
 T - a +6 ring of intelligence
 W - a ring of poison resistance
 Y - a +6 ring of dexterity (left hand)
Wands
 q - a wand of iceblast (9)
 w - a wand of mindburst (23)
 z - a wand of digging (11)
 C - a wand of flame (36)
 D - a wand of paralysis (25)
 G - a wand of polymorph (15)
 O - a wand of quicksilver (7)
Scrolls
 d - 3 scrolls of enchant weapon
 e - 4 scrolls of enchant armour
 f - 3 scrolls of vulnerability
 j - a scroll of summoning
 k - 2 scrolls of silence
 l - a scroll of poison
 s - a scroll of fear
 y - 4 scrolls of teleportation
 F - 5 scrolls of revelation
 K - a scroll of blinking
 V - a scroll of identify
 Z - 4 scrolls of fog
Potions
 h - 5 potions of haste
 t - 8 potions of curing
 x - 3 potions of lignification
 E - 2 potions of might
 H - 2 potions of enlightenment
 I - 2 potions of attraction
 J - a potion of resistance
 M - 2 potions of heal wounds
 X - a potion of invisibility {unknown}
Miscellaneous
 o - a phial of floods
 U - a tin of tremorstones (2/2)


   Skills:
 + Level 13.5 Fighting
 - Level 2.6 Long Blades
 + Level 3.5 Throwing
 + Level 12.1 Armour
 + Level 13.5 Dodging
 + Level 11.9 Shields
 - Level 1.2 Unarmed Combat
 - Level 6.0 Evocations


You had 14 spell levels left.
You didn't know any spells.
Your spell library was empty.

Dungeon Overview and Level Annotations

Branches:
Dungeon (15/15)            Temple (0/1) D:6            Lair (5/5) D:10
 Shoals (0/4) Lair:2        Snake (0/4) Lair:2        Slime (0/5) Lair:5
    Orc (0/2) D:10         Vaults (0/5) D:14
 Depths: D:15

Altars:
Ashenzari
Cheibriados
Gozag
Qazlal
Ru
Sif Muna
Trog
Uskayaw
Vehumet
Wu Jian
Jiyva

Shops:
D:7 *   D:8 !   D:12 (   D:13 =

Annotations:
D:3 3 runed translucent doors, 123456789101112's ghost, amateur HOFi
D:8 2 transporters, OrcaOracle's ghost, novice DsNe
D:9 3 runed translucent doors, rozman's ghost, novice KoBe
D:11 1 runed translucent door, middlethird's ghost, novice VSCj
Lair:5 exclusion: oklob plant


Innate Abilities, Weirdness & Mutations

You have a pair of antennae on your head.
A meltable icy envelope protects you from harm. (AC +4)
You sometimes gain power by taking damage.
You are mostly covered in razor-sharp scales. (AC +2, Slay +2)
A meltable shield of frost defends you. (SH +4)
You have a somewhat thin skeletal structure. (Dex +2, Stealth+)
Your muscles are strong. (Str +4, Int/Dex -1)


Message History

The oklob plant spits acid at you. The splash of acid misses you.
You hit the bush but do no damage.
The bush is almost destroyed.
You puncture the bush!
The bush is almost destroyed.
Your ogre is no longer berserk.
You hit the bush but do no damage.
The bush is almost destroyed.
You hit the bush.
You destroy the bush!
The oklob plant spits acid at you. The splash of acid hits you!
The acid corrodes you!
Found a wand of iceblast (4).
The oklob plant spits acid at you. The splash of acid misses you.
Your ogre disappears in a puff of smoke!
The oklob plant spits acid at you. The splash of acid hits you!!
You hit the oklob plant but do no damage.
Your +10 short sword "Gestask" {spect, rPois SInv} hits the oklob plant but does no damage.
You hit the oklob plant but do no damage.
Your +10 short sword "Gestask" {spect, rPois SInv} hits the oklob plant.
The oklob plant spits acid at you. The splash of acid hits you!!
* * * LOW HITPOINT WARNING * * *
You focus on the pain.
You feel very mighty all of a sudden.
Your two-headed ogre goes berserk!
Trog will no longer gift you weapons.
Your +10 short sword "Gestask" {spect, rPois SInv} disappears.
The oklob plant spits acid at you. The splash of acid hits you!
* * * LOW HITPOINT WARNING * * *
The acid corrodes you!
Your skin crawls.
You feel strong-willed. The oklob plant spits acid at you.
The splash of acid hits you!!
You die...

.................................
.........P.......................
.............#......P............
.........#.........#............#
#................................
....PP...#...##.####.............
....P...P...#######.............#
....PP......###P./#..P...........
.###.........##O@)##..##.........
............###/..##..##........#
.<.#........#####.##........#.P##
...#.........####.#...........##
..............##.##........P.##
..............###.##.......(##
..#............#.O..........#
.#.........................##
.#.........................P## ##


You could see an oklob plant (ally target) and a friendly two-headed ogre
(summoned, berserk).

Vanquished Creatures
  A fire giant (D:14)
  A frost giant (D:13)
  3 hydras
  A catoblepas (Lair:4)
  3 boulder beetles
  4 centaur warriors
  3 two-headed ogres
  9 death yaks
  3 tengu warriors
  Sonja (Lair:4)
  A skyshark (Lair:2)
  Nergalle (Lair:3)
  A lindwurm (Lair:5)
  A deep elf pyromancer (D:13)
  A necromancer (Lair:4)
  An orc knight (D:15)
  7 ugly things
  Maurice (D:10)
  3 cyclopes
  2 manticores
  9 elephants
  A merfolk siren (Lair:2)
  3 black mambas
  2 gargoyles
  A cane toad (shapeshifter) (D:13)
  13 cane toads
  A torpor snail (Lair:3)
  An unseen horror (D:11)
  A freezing wraith (D:14)
  A yaktaur (shapeshifter) (D:14)
  2 tengu conjurers (D:13)
  6 rime drakes
  9 komodo dragons
  3 yaktaurs (D:15)
  2 trolls
  6 polar bears
  A blink frog (shapeshifter) (D:15)
  7 blink frogs
  17 dream sheep
  5 hornets
  2 slime creatures (D:13)
  A vampire (D:11)
  2 centaur simulacra (D:13)
  2 wraiths
  14 spriggans (Lair:5)
  5 wyverns
  57 yaks
  5 basilisks
  9 vampire mosquitoes
  A steam dragon (D:8)
  Edmund (D:4)
  An acid dragon (D:10)
  3 nagas (Lair:2)
  12 water moccasins
  Duvessa (D:5)
  A meliai simulacrum (D:13)
  An ice beast (D:6)
  3 sky beasts
  6 orc warriors
  8 black bears
  2 laughing skulls (D:15)
  30 wolves
  4 boggarts (Lair:5)
  An ogre (D:15)
  3 centaurs
  2 kobold brigands
  3 phantoms
  11 bullfrogs
  2 scorpions (D:7)
  3 gnoll sergeants
  16 wights
  Dowan (D:5)
  A killer bee (D:8)
  3 howler monkeys
  2 bombardier beetles
  2 hounds
  7 jellies
  8 orc priests
  3 gnoll boudas
  Crazy Yiuf (D:2)
  Jessica (D:2)
  4 iguanas
  3 sleepcaps
  Natasha (thrice) (D:2)
  9 orc wizards
  4 yak simulacra (Lair:4)
  5 polar bear simulacra (Lair:4)
  2 wolf simulacra (Lair:4)
  20 gnolls
  7 adders
  A shadow imp (D:7)
  4 white imps
  A dart slug (D:1)
  31 orcs
  13 bats
  8 endoplasms
  A giant cockroach (D:4)
  5 goblins
  6 hobgoblins
  20 kobolds
  4 quokkas
  5 ball pythons
  2 frilled lizards (D:1)
  5 rats
543 creatures vanquished.

Vanquished Creatures (collateral kills)
  A centaur warrior (D:13)
  3 death yaks (Lair:2)
  A tengu warrior (D:13)
  A skyshark (Lair:4)
  4 ugly things (D:15)
  2 elephants (Lair:4)
  A hornet (Lair:5)
  A dream sheep (Lair:5)
  2 slime creatures (D:13)
  4 yaks
  A wolf (Lair:5)
  A jelly (Lair:4)
  3 gnolls (D:13)
  An orc (D:15)
26 creatures vanquished.

Vanquished Creatures (others)
  5 spectral weapons
5 creatures vanquished.

Grand Total: 574 creatures vanquished

Notes
Turn   | Place    | Note
-------+----------+-------------------------------------------
     0 | D:1      | spaghetti the Demonspawn Berserker began the quest for the
                  | Orb.
     0 | D:1      | Reached XP level 1. HP: 18/18 MP: 1/1
   228 | D:1      | Gained mutation: You sometimes gain a little power by
                  | taking damage. [demonic ancestry]
   228 | D:1      | Reached XP level 2. HP: 14/24 MP: 2/2
  1033 | D:2      | Noticed Natasha
  1044 | D:2      | Killed Natasha
  1045 | D:2      | Gained mutation: You are partially covered in razor-sharp
                  | scales. (AC +1, Slay +1) [demonic ancestry]
  1045 | D:2      | Reached XP level 3. HP: 26/30 MP: 3/3
  1086 | D:2      | Found a runed translucent door.
  1087 | D:2      | Noticed Crazy Yiuf
  1114 | D:2      | Found a faded altar of an unknown god.
  1176 | D:2      | Noticed Natasha
  1181 | D:2      | Killed Natasha
  1181 | D:2      | Reached ** piety under Trog
  1182 | D:2      | Reached skill level 1 in Shields
  1182 | D:2      | Gained mutation: You have a pair of small antennae on your
                  | head. [demonic ancestry]
  1182 | D:2      | Reached XP level 4. HP: 34/37 MP: 4/4
  1224 | D:2      | Noticed Natasha
  1240 | D:2      | Killed Natasha
  1326 | D:2      | Noticed Jessica
  1333 | D:2      | Killed Jessica
  1499 | D:2      | Reached XP level 5. HP: 42/42 MP: 5/5
  1708 | D:2      | Killed Crazy Yiuf
  1823 | D:3      | Reached skill level 1 in Unarmed Combat
  2216 | D:3      | Found a runed translucent gate.
  2216 | D:3      | Found a runed translucent gate.
  2216 | D:3      | Found a runed translucent gate.
  2217 | D:3      | Noticed 123456789101112's ghost (amateur HOFi)
  2557 | D:4      | Reached XP level 6. HP: 18/49 MP: 6/6
  2695 | D:4      | Identified the +10 short sword "Gestask" {spect, rPois
                  | SInv}
  2924 | D:4      | Noticed Edmund
  2940 | D:4      | Killed Edmund
  3814 | D:5      | Entered Level 5 of the Dungeon
  3819 | D:5      | Reached XP level 7. HP: 52/55 MP: 7/7
  3880 | D:5      | Reached *** piety under Trog
  4077 | D:5      | Noticed Duvessa
  4078 | D:5      | Noticed Dowan
  4087 | D:5      | Reached skill level 5 in Fighting
  4087 | D:5      | Reached skill level 5 in Dodging
  4094 | D:5      | Killed Duvessa
  4100 | D:5      | Killed Dowan
  4299 | D:5      | Gained mutation: You sometimes gain power by taking damage.
                  | [demonic ancestry]
  4299 | D:5      | Reached XP level 8. HP: 63/63 MP: 8/8
  5203 | D:6      | Found a shimmering blue altar of Sif Muna.
  5304 | D:6      | Found a staircase to the Ecumenical Temple.
  5680 | D:7      | Found Yniurgh's General Store.
  5791 | D:7      | Bought a +0 pair of gloves for 58 gold pieces
  5858 | D:7      | Found a stormy altar of Qazlal.
  5888 | D:7      | Reached XP level 9. HP: 69/69 MP: 9/9
  6000 | D:7      | Noticed a white ugly thing
  6012 | D:7      | Killed a white ugly thing
  6013 | D:7      | Reached skill level 5 in Armour
  6362 | D:7      | Noticed a two-headed ogre
  6368 | D:7      | Killed a two-headed ogre
  6369 | D:7      | Reached skill level 5 in Shields
  6526 | D:7      | Found a sacrificial altar of Ru.
  6588 | D:8      | Found a hide-covered altar of Uskayaw.
  6626 | D:8      | Reached XP level 10. HP: 8/79 MP: 10/10
  6854 | D:8      | Reached **** piety under Trog
  6977 | D:8      | Noticed a moth of wrath
  6981 | D:8      | Found a transporter.
  6986 | D:8      | Found a transporter.
  7201 | D:8      | Noticed OrcaOracle's ghost (novice DsNe)
  7201 | D:8      | Noticed a two-headed ogre
  7358 | D:8      | Found a bloodstained altar of Trog.
  7446 | D:8      | Found Ukhaziots's Distillery.
  7454 | D:8      | Bought 2 potions of curing for 78 gold pieces
  7454 | D:8      | Bought a potion of mutation for 104 gold pieces
  7454 | D:8      | Bought a potion of lignification for 39 gold pieces
  7454 | D:8      | Bought a potion of attraction for 39 gold pieces
  7454 | D:8      | Bought a potion of might for 52 gold pieces
  7454 | D:8      | Bought a potion of resistance for 130 gold pieces
  7454 | D:8      | Gained mutation: You possess an exceptional clarity of
                  | mind. [potion of mutation]
  7454 | D:8      | Lost mutation: You possess an exceptional clarity of mind.
                  | [potion of mutation]
  7454 | D:8      | Gained mutation: You passively map a small area around you.
                  | [potion of mutation]
  7454 | D:8      | Gained mutation: You have a pair of antennae on your head.
                  | [potion of mutation]
  7455 | D:8      | Lost mutation: You passively map a small area around you.
                  | [potion of mutation]
  7455 | D:8      | Lost mutation: You have a pair of antennae on your head.
                  | [potion of mutation]
  7455 | D:8      | Gained mutation: You expend magic power (3 MP) to
                  | strengthen your wands. [potion of mutation]
  7455 | D:8      | Gained mutation: You have a pair of antennae on your head.
                  | [potion of mutation]
  7536 | D:9      | Reached skill level 1 in Evocations
  7747 | D:9      | Found a runed translucent gate.
  7748 | D:9      | Found a runed translucent gate.
  7749 | D:9      | Found a runed translucent gate.
  7751 | D:9      | Noticed rozman's ghost (novice KoBe)
  7752 | D:9      | Identified the +6 chain mail of Ru's Pride {Rampage rC+
                  | Stlth-}
  8255 | D:9      | Reached ***** piety under Trog
  8312 | D:10     | Entered Level 10 of the Dungeon
  8378 | D:10     | Found a staircase to the Orcish Mines.
  8454 | D:10     | Noticed a two-headed ogre
  8462 | D:10     | Noticed an elephant
  8463 | D:10     | Killed a two-headed ogre
  8505 | D:10     | Killed an elephant
  8599 | D:10     | Reached skill level 5 in Evocations
  8632 | D:10     | Gained mutation: A meltable shield of frost defends you.
                  | (SH +4) [demonic ancestry]
  8632 | D:10     | Reached XP level 11. HP: 86/86 MP: 11/11
  8691 | D:10     | Found a broken altar of Ashenzari.
  8866 | D:10     | Noticed Maurice
  8872 | D:10     | Maurice stole a ring of flight
  8874 | D:10     | Maurice stole a +0 falchion
  8875 | D:10     | Killed Maurice
  8998 | D:10     | Found an opulent altar of Gozag.
  9077 | D:10     | Found a radiant altar of Vehumet.
  9096 | D:10     | Found an ornate altar of the Wu Jian Council.
  9204 | D:10     | Found a snail-covered altar of Cheibriados.
  9244 | D:10     | Found a staircase to the Lair.
  9472 | D:11     | Noticed a boulder beetle
  9493 | D:11     | Killed a boulder beetle
  9623 | D:11     | Found a runed translucent door.
  9623 | D:11     | Noticed middlethird's ghost (novice VSCj)
  9625 | D:11     | Identified the +6 spear of Wysawualui {freeze, Dex+4}
  9669 | D:11     | Noticed a two-headed ogre
  9676 | D:11     | Killed a two-headed ogre
  9764 | D:11     | You fall into a shaft and drop 2 floors!
  9780 | D:13     | Noticed a tengu warrior
  9783 | D:13     | Noticed a centaur warrior
  9791 | D:13     | Killed a tengu warrior
  9793 | D:13     | Killed a centaur warrior
  9909 | D:13     | Reached skill level 10 in Dodging
 10094 | D:13     | Found Tunlit's Jewellery Shop.
 10155 | D:13     | Noticed a five-headed hydra
 10162 | D:13     | Killed a five-headed hydra
 10298 | D:13     | Noticed a green ugly thing
 10300 | D:13     | Noticed a centaur warrior
 10305 | D:13     | Noticed a centaur warrior
 10313 | D:13     | Killed a centaur warrior
 10317 | D:13     | Killed a green ugly thing
 10318 | D:13     | Gained mutation: You are mostly covered in razor-sharp
                  | scales. (AC +2, Slay +2) [demonic ancestry]
 10318 | D:13     | Reached XP level 12. HP: 88/96 MP: 12/12
 10425 | D:13     | Noticed a frost giant
 10445 | D:13     | Killed a frost giant
 10720 | D:13     | Noticed a tengu warrior
 10734 | D:13     | Killed a tengu warrior
 10918 | D:13     | Killed a centaur warrior
 10919 | D:13     | Reached skill level 10 in Fighting
 11166 | D:14     | Noticed a centaur warrior
 11184 | D:14     | Killed a centaur warrior
 11335 | D:14     | Noticed a centaur warrior
 11351 | D:14     | Killed a centaur warrior
 11492 | D:14     | Found a gate to the Vaults.
 11493 | D:14     | Noticed a fire giant
 11506 | D:14     | Killed a fire giant
 11790 | D:14     | Noticed a tengu warrior
 11791 | D:14     | Noticed a tengu warrior
 11805 | D:14     | Killed a tengu warrior
 11810 | D:14     | Killed a tengu warrior
 12288 | D:15     | Entered Level 15 of the Dungeon
 12555 | D:12     | Found Yguhuol's Antique Weapon Shoppe.
 12753 | D:13     | Bought a +6 ring of dexterity for 396 gold pieces
 12781 | D:15     | Noticed a seven-headed hydra
 12785 | D:15     | Killed a seven-headed hydra
 12786 | D:15     | Mutation became permanent: You have a pair of small
                  | antennae on your head. [demonic ancestry]
 12786 | D:15     | Gained mutation: You have a pair of antennae on your head.
                  | [demonic ancestry]
 12786 | D:15     | Reached XP level 13. HP: 105/105 MP: 13/13
 12821 | D:14     | Lost mutation: You expend magic power (3 MP) to strengthen
                  | your wands. [potion of mutation]
 12821 | D:14     | Gained mutation: You occasionally lose the ability to drink
                  | potions when taking damage. [potion of mutation]
 12821 | D:14     | Gained mutation: Your health recovers twice as slowly from
                  | being drained. [potion of mutation]
 12821 | D:14     | Gained mutation: Your movements are slightly less
                  | encumbered by armour. (ER -2) [potion of mutation]
 12822 | D:14     | Lost mutation: Your movements are slightly less encumbered
                  | by armour. (ER -2) [potion of mutation]
 12822 | D:14     | Lost mutation: You occasionally lose the ability to drink
                  | potions when taking damage. [potion of mutation]
 12822 | D:14     | Gained mutation: Your magical capacity is low. (-10% MP)
                  | [potion of mutation]
 12822 | D:14     | Gained mutation: You are strong-willed. (Will+) [potion of
                  | mutation]
 12823 | D:14     | Lost mutation: Your magical capacity is low. (-10% MP)
                  | [potion of mutation]
 12823 | D:14     | Lost mutation: Your health recovers twice as slowly from
                  | being drained. [potion of mutation]
 12823 | D:14     | Gained mutation: You are dopey. (Int -2) [potion of
                  | mutation]
 12823 | D:14     | Gained mutation: You have large cloven feet. [potion of
                  | mutation]
 12823 | D:14     | Gained mutation: You are clumsy. (Dex -2) [potion of
                  | mutation]
 12824 | D:14     | Lost mutation: You are dopey. (Int -2) [potion of mutation]
 12824 | D:14     | Lost mutation: You are strong-willed. (Will+) [potion of
                  | mutation]
 12824 | D:14     | Lost mutation: You have large cloven feet. [potion of
                  | mutation]
 12824 | D:14     | Gained mutation: You are vulnerable to heat. (rF-) [potion
                  | of mutation]
 12825 | D:14     | Lost mutation: You are clumsy. (Dex -2) [potion of
                  | mutation]
 12825 | D:14     | Lost mutation: You are vulnerable to heat. (rF-) [potion of
                  | mutation]
 12825 | D:14     | Gained mutation: You are vulnerable to heat. (rF-) [potion
                  | of mutation]
 12825 | D:14     | Gained mutation: You are covered in fur. (AC +1) [potion of
                  | mutation]
 12825 | D:14     | Gained mutation: Your natural rate of healing is unusually
                  | fast. [potion of mutation]
 13283 | D:11     | Reached skill level 10 in Armour
 13696 | Lair:1   | Entered Level 1 of the Lair of Beasts
 13703 | Lair:1   | Identified the flux talisman of Nush {+Blink Will++ rCorr
                  | Int-3}
 13873 | Lair:1   | Reached skill level 10 in Shields
 14642 | Lair:2   | Gained mutation: A meltable icy envelope protects you from
                  | harm. (AC +4) [demonic ancestry]
 14642 | Lair:2   | Reached XP level 14. HP: 104/115 MP: 14/14
 14853 | Lair:2   | Found a staircase to the Shoals.
 15207 | Lair:2   | Found a staircase to the Snake Pit.
 15257 | Lair:3   | Noticed Nergalle
 15266 | Lair:3   | Killed Nergalle
 16143 | Lair:4   | Noticed Sonja
 16159 | Lair:4   | Killed Sonja
 16477 | Lair:4   | Reached skill level 1 in Throwing
 16478 | Lair:4   | Received a gift from Trog
 16848 | Lair:4   | Lost mutation: Your natural rate of healing is unusually
                  | fast. [potion of mutation]
 16848 | Lair:4   | Lost mutation: You are vulnerable to heat. (rF-) [potion of
                  | mutation]
 16848 | Lair:4   | Lost mutation: You are covered in fur. (AC +1) [potion of
                  | mutation]
 16848 | Lair:4   | Gained mutation: You have a somewhat thin skeletal
                  | structure. (Dex +2, Stealth+) [potion of mutation]
 16848 | Lair:4   | Gained mutation: Your muscles are strong. (Str +4, Int/Dex
                  | -1) [potion of mutation]
 16891 | Lair:5   | Entered Level 5 of the Lair of Beasts
 16891 | Lair:5   | Found a staircase to the Slime Pits.
 17737 | Lair:5   | Found a viscous altar of Jiyva.
 18046 | Lair:5   | Reached XP level 15. HP: 122/124 MP: 15/15
 19293 | Lair:5   | Killed from afar by an oklob plant

Illustrated notes

Levels and vault maps discovered:
D:1:      psy_arrival_radial01, layout_basic, minmay_pentomino_s2
D:2:      layout_rooms, shapermc_ecumenical_altar_gd, uniq_jessica,
          uniq_crazy_yiuf_cottage, uniq_natasha
D:3:      layout_loops_ring, gammafunk_ghost_split
D:4:      layout_loops_corners, kennysheep_pointless_box, uniq_edmund
D:5:      cheibrodos_helix_gallery, layout_loops_ring,
          kennysheep_generic_room_3, uniq_duvessa
D:6:      hellmonk_crumbling_castle, layout_gridville, lemuel_round_altar
D:7:      layout_loops_cross, grunt_qazlal_sundering, nicolae_ru_path_of_blood,
          serial_shops, shop
D:8:      layout_cave_pools, serial_shops, nicolae_shop_peninsula,
          gammafunk_ghost_wrathful_warriors, minmay_ruined_shrine
D:9:      layout_loops_cross, biasface_ghost_orc_armoury, reono_crystal_passage
D:10:     layout_basic, mainiacjoe_overflow_six_doors_small,
          nicolae_overflow_quartered_altars, nicolae_ashenzari_skybound,
          grunt_lair_entry_orc_guard_hut, minmay_orc_entry_temple_small,
          uniq_maurice
D:11:     layout_roguey, ebering_ghost_funeral_grove
D:12:     layout_cave_pools, serial_shops, nicolae_shop_tiny_waterfront,
          david_defended_altar_orc, uniq_josephine
D:13:     minmay_coctagon, layout_gridville, serial_shops, shop
D:14:     layout_roguey, hellmonk_vaults_attempted_burglary,
          serial_library_hellmonk_u_bend
D:15:     hangedman_depths_entry_try_elsewhere_first, layout_cave_pools, tgw_xom
Lair:1:   layout_regular_city
Lair:2:   layout_cave_shapes, minmay_shoals_entry_lonely_mermaid,
          nicolae_snake_entry_squirm
Lair:3:   layout_hall_layers, lemuel_fruit_tree, uniq_nergalle
Lair:4:   layout_loops_ring, eino_house_with_fridge, uniq_sonja
Lair:5:   minmay_lair_end_enchanted_forest, layout_gridlike,
          nicolae_slime_entry_field_trip, roderic_batcave,
          minmay_lair_oklob_items, grunt_megastairs_4

Skill      XL: |  1  2  3  4  5  6  7  8  9 10 11 12 13 14 15 |
---------------+----------------------------------------------+-----
Dodging        | 2 3 4 5 7 8 9 10 11 12 13 | 13.5
Fighting       | 4 5 6 7 8 9 10 12 13 | 13.5
Shields        | 1 2 3 4 5 6 7 9 10 11 | 11.9
Armour         | 2 3 4 5 6 8 9 10 11 12 | 12.1
Unarmed Combat | 1 |  1.2
Evocations     | 5 6 |  6.0
Throwing       | 2 3 |  3.5
Long Blades    | |  2.6

Action                     |  1- 3 |  4- 6 |  7- 9 | 10-12 | 13-15 || total
---------------------------+-------+-------+-------+-------+-------++-------
  Melee: Falchion          |    88 |   100 |       |       |       ||   188
         Short sword       |       |    32 |   182 |   478 |   922 ||  1614
 Invoke: Berserk           |     1 |     4 |     6 |    10 |    14 ||    35
         Trog's Hand       |       |     1 |     2 |     3 |     1 ||     7
         Brothers in Arms  |       |       |       |     4 |    10 ||    14
  Evoke: Wand              |       |       |       |     6 |     3 ||     9
         Phial of floods   |       |       |       |       |     1 ||     1
    Use: Potion            |       |     4 |       |     2 |     6 ||    12
         Scroll            |       |       |       |     6 |    12 ||    18
   Stab: Sleeping          |     2 |     2 |       |     1 |     7 ||    12
         Distracted        |       |       |     1 |     6 |    31 ||    38
         Petrifying        |       |       |       |       |     2 ||     2
 Armour: Animal skin       |    44 |   102 |    75 |   201 |   160 ||   582
         Plate armour      |       |       |       |       |    94 ||    94
  Dodge: Dodged            |    62 |    61 |    98 |   280 |   447 ||   948
  Block: Kite shield       |     8 |    58 |   115 |   491 |   927 ||  1599
